Map: Blackpink РВ

Players

Lambo

  • Race: Zerg Zerg
  • Spawn Location: 1:00

Elazer - Winner!

  • Race: Zerg Zerg
  • Spawn Location: 7:00

Event: WESG 2017 Haikou

VOD

Have the link to the VOD?

Description

Time

  • Played on: March 15, 2018, 10:26 p.m.
  • Length: 7:57

All games in this series

Show
View Real Time Build Order
Export as new Build Order

Lambo Zerg 

Build Orders: Hatch First, Zergling Baneling 

Get SALT Encoding   

  12  0:00  Drone  
  13  0:12  Overlord  
  13  0:17  Drone  
  14  0:30  Drone x2  
  16  0:48  Hatchery  
  15  0:51  Drone  
  15  0:55  Drone  
  17  0:58  Drone  
  17  1:01  Extractor  
  17  1:14  Spawning Pool  
  17  1:17  Drone  
  17  1:21  Drone  
  18  1:28  Drone  
  19  1:39  Drone  
  20  1:50  Overlord  
  20  2:00  Queen  
  22  2:01  Queen  
  22  2:02  Drone  
  22  2:04  Metabolic Boost  
  25  2:10  Zergling x2  
  25  2:11  Zergling x2  
  25  2:14  Zergling x2  
  28  2:24  Baneling Nest, Zergling x2  
  28  2:28  Zergling x2  
  29  2:33  Zergling x4  
  31  2:44  Evolution Chamber  
  31  2:47  Zergling x4  
  32  2:53  Overlord  
  32  2:56  Zergling x2  
  33  3:05  Overlord  
  33  3:16  Zergling x2  
  33  3:17  Zergling x4  
  35  3:20  Zergling x2  
  35  3:24  Zergling x2  
  35  3:25  Zergling x4  
  40  3:33  Baneling x7  
  39  3:35  Zergling x2  
  39  3:39  Zergling x2  
  39  3:41  Baneling  
  41  3:42  Zergling x2  
  41  3:46  Baneling  
  41  3:48  Zergling x2  
  42  3:51  Zergling x2  
  41  3:58  Zergling x2  
  41  3:59  Zergling x2  
  39  4:04  Zergling x4  
  39  4:08  Zergling x2  
  39  4:09  Zergling x2  
  38  4:16  Drone  
  38  4:17  Drone  
  37  4:22  Drone  
  35  4:24  Drone  
  35  4:27  Drone  
  35  4:30  Baneling  
  35  4:31  Baneling x2  
  37  4:32  Baneling  
  37  4:36  Drone  
  38  4:40  Drone x2  
  38  4:43  Baneling  
  38  4:45  Baneling  
  40  4:46  Drone  
  40  4:48  Zergling x2  
  42  4:58  Drone  
  42  4:59  Drone  
  43  5:01  Extractor  
  43  5:02  Roach Warren  
  40  5:15  Overlord  
  40  5:17  Drone x3  
  40  5:50  Roach  
  40  5:51  Roach x3  
  40  5:54  Roach x2  
  40  5:55  Overlord x2  
  52  5:58  Hatchery  
  51  6:06  Overlord  
  51  6:15  Roach x5  
  58  6:20  Roach  
  58  6:24  Roach x2  
  64  6:29  Roach x2, Zergling x2  
  68  6:38  Zergling x8  
  72  6:42  Zergling x2  
  72  6:46  Zergling x2  
  74  6:51  Ravager, Zergling x2  
  74  6:52  Overlord  
  74  6:54  Overlord  
  76  6:58  Overlord  
  76  7:08  Baneling x2  
  76  7:10  Ravager  
  76  7:11  Overlord, Zergling x4  
  76  7:12  Zergling x4  
  76  7:14  Baneling x2  
  81  7:15  Zergling x2  
  81  7:16  Zergling x2  
  81  7:19  Zergling x2  
  81  7:20  Zergling x4  
  82  7:28  Zergling x4  
  78  7:35  Zergling x6  
Show
View Real Time Build Order
Export as new Build Order

Elazer Zerg - Winner!

Build Orders: Hatch First 

Get SALT Encoding   

  12  0:00  Drone  
  13  0:12  Overlord  
  13  0:17  Drone  
  14  0:30  Drone  
  14  0:31  Drone  
  16  0:48  Hatchery  
  15  0:51  Drone  
  15  0:54  Drone  
  17  0:58  Drone  
  18  1:08  Extractor  
  17  1:13  Spawning Pool  
  17  1:16  Drone  
  17  1:20  Drone  
  18  1:28  Drone  
  19  1:38  Drone  
  20  1:49  Overlord  
  20  1:59  Queen x2  
  20  2:00  Drone, Zergling x2  
  26  2:08  Metabolic Boost  
  26  2:10  Drone  
  26  2:11  Drone  
  28  2:21  Drone  
  28  2:22  Drone  
  30  2:35  Hatchery  
  29  2:39  Zergling x2  
  30  2:46  Overlord  
  30  2:52  Drone  
  31  3:01  Drone  
  32  3:06  Drone  
  32  3:07  Drone  
  32  3:12  Baneling Nest, Zergling x10  
  37  3:15  Zergling x2  
  38  3:23  Queen  
  38  3:24  Zergling x2  
  41  3:27  Overlord  
  41  3:33  Queen  
  43  3:41  Evolution Chamber  
  42  3:44  Evolution Chamber  
  42  3:46  Zergling x2  
  42  3:47  Zergling x6  
  45  3:54  Evolution Chamber  
  42  4:03  Zergling x2  
  42  4:04  Zergling x6  
  36  4:17  Zergling x8  
  38  4:29  Baneling x2  
  38  4:30  Baneling  
  38  4:34  Baneling  
  38  4:35  Zergling x4  
  40  4:39  Drone x2  
  40  4:41  Drone  
  43  4:46  Drone x2  
  45  5:00  Queen x2  
  49  5:10  Zerg Ground Armor Level 1, Drone x2  
  49  5:13  Drone  
  52  5:18  Overlord  
  52  5:20  Drone x2  
  54  5:21  Drone  
  54  5:23  Drone  
  56  5:29  Drone  
  56  5:30  Drone  
  57  5:37  Drone x4  
  57  5:42  Overlord  
  60  5:43  Drone x2  
  62  5:55  Zerg Missile Weapons Level 1, Overlord  
  62  5:57  Extractor, Roach Warren  
  62  6:00  Overlord  
  62  6:01  Drone  
  62  6:02  Drone  
  62  6:05  Drone x2  
  64  6:11  Overlord  
  64  6:13  Drone  
  64  6:15  Drone, Overlord  
  64  6:16  Drone  
  64  6:17  Drone x2  
  69  6:21  Drone, Overlord  
  69  6:24  Extractor  
  65  6:34  Zergling x12  
  70  6:41  Queen  
  70  6:43  Roach  
  74  6:47  Roach x2  
  74  6:49  Roach  
  74  6:50  Roach x2  
  74  6:52  Roach  
  86  6:55  Roach x3  
  86  6:59  Roach  
  86  7:00  Roach  
  96  7:02  Roach  
  96  7:05  Queen  
  100  7:08  Overlord  
  100  7:09  Overlord  
  100  7:11  Roach x2  
  104  7:16  Roach  
  98  7:31  Roach  
  98  7:32  Roach x3  
  100  7:37  Roach x5  
  107  7:45  Drone x4  
Tags
 
Add a new tag
Caveats
  • Supply blocks, unpowered buildings, or Contaminate may cause inaccurate times.
  • Supply counts are checked every 10 seconds.